 Dungeon Crawl Stone Soup version 0.20-a0-689-g860b9ab (webtiles) character file.

178912 Klosterheim the Peltast (level 17, -1/141 HPs)
             Began as a Yellow Draconian Fighter on Feb 19, 2017.
             Was a High Priest of Qazlal.
             Slain by a hippogriff (4 damage)
             ... on level 2 of the Shoals.
             The game lasted 01:48:32 (39541 turns).

Klosterheim the Peltast (Yellow Draconian Fighter) Turns: 39541, Time: 01:48:33

Health: -1/141     AC: 13    Str: 20    XL:     17   Next: 59%
Magic:  29/29      EV: 17    Int: 11    God:    Qazlal [*****.]
Gold:   1281       SH: 40    Dex: 18    Spells: 23/32 levels left

rFire    + + .     SeeInvis .   b - +2 scimitar "Ruliuvann" {drain, MR+}
rCold    + . .     Gourm    .   (armour unavailable)
rNeg     + . .     Faith    .   Z - +18 shield of the Gong {rElec rN+ MR+ EV-5}
rPois    .         Spirit   .   (helmet restricted)
rElec    +         Reflect  .   y - +2 cloak
rCorr    +         Harm     .   s - +0 pair of gloves (curse)
MR       +++..                  (no boots)
Stlth    +.........             H - amulet of regeneration
Regen    0.8/turn               X - ring of protection from fire
MPRegen  0.3/turn               E - ring of protection from cold

@: lethally poisoned (-1 -> -16), studying Spellcasting, repel missiles
A: spit acid, acid resistance, unfitting armour, clever 1, fire resistance 1,
frail 1, strong 1, acidic bite, evolution 1, cold-blooded, AC +9
a: Breathe Acid, Upheaval, Elemental Force, Disaster Area, Renounce Religion


You were on level 2 of the Shoals.
You worshipped Qazlal.
Qazlal was extremely pleased with you.
You were near starving.

You visited 6 branches of the dungeon, and saw 30 of its levels.
You also visited: Ice Cave.

You collected 2609 gold pieces.
You spent 1328 gold pieces at shops.

Inventory:

Hand Weapons
 a - a +2 scimitar of flaming
 b - the +2 scimitar "Ruliuvann" (weapon) {drain, MR+}
   (You found it on level 5 of the Lair of Beasts)

   A truly terrible weapon, it drains the life of those it strikes.
   It affects your resistance to hostile enchantments.
Armour
 s - a cursed +0 pair of gloves (worn)
 y - a +2 cloak (worn)
 Z - the +18 shield of the Gong (worn) {rElec rN+ MR+ EV-5}
   (You took it off a naga ritualist on level 1 of the Snake Pit)

   It affects your evasion (-5).
   It insulates you from electricity.
   It protects you from negative energy.
   It affects your resistance to hostile enchantments.
Jewellery
 z - an uncursed ring of see invisible
 E - a ring of protection from cold (left hand)
 F - a +3 amulet of reflection {unknown}
 H - an amulet of regeneration (around neck)
 L - a +3 ring of intelligence {unknown}
 N - the ring "Uruhut" {rElec rF+ Int+4, unknown}
   (You took it off a salamander on level 1 of the Snake Pit)

   [ring of protection from fire]

   It affects your intelligence (+4).
   It protects you from fire.
   It insulates you from electricity.
 P - an uncursed ring of protection from cold
 Q - a cursed -4 ring of dexterity {unknown}
 X - a ring of protection from fire (right hand)
Wands
 m - a wand of disintegration (9/24)
 B - a wand of disintegration (10/24)
 J - a wand of paralysis (11/24)
 T - a wand of clouds (4/9)
Scrolls
 c - 3 scrolls of enchant armour
 f - 9 scrolls of teleportation
 g - 7 scrolls of identify
 i - a scroll of vulnerability {unknown}
 o - 9 scrolls of remove curse
 r - 4 scrolls of recharging
 t - a scroll of holy word {unknown}
 w - a scroll of summoning
 D - 3 scrolls of magic mapping
 M - 3 scrolls of fog
 S - a scroll of fear
 V - 3 scrolls of enchant weapon
 W - 2 scrolls of blinking
 Y - a scroll of amnesia
Potions
 e - 8 potions of curing
 h - a potion of heal wounds
 k - 2 potions of brilliance
 l - a potion of might
 n - 3 potions of haste
 u - 4 potions of lignification
 v - a potion of agility
 C - 2 potions of magic
 I - a potion of ambrosia
 K - 6 potions of flight
 O - 2 potions of cancellation
 U - 2 potions of invisibility
Books
 j - a book of Spatial Translocations

   Spells                             Type                      Level
   a - Blink                          Translocation                2
   b - Shroud of Golubria             Charms/Translocation         2
   c - Lesser Beckoning               Translocation                3
   d - Portal Projectile              Translocation                3
   e - Teleport Other                 Translocation                3
   f - Passage of Golubria            Translocation                4
 q - a book of Necromancy

   Spells                             Type                      Level
   a - Pain                           Necromancy                   1
   b - Animate Skeleton               Necromancy                   1
   c - Vampiric Draining              Necromancy                   3
   d - Regeneration                   Charms/Necromancy            3
   e - Animate Dead                   Necromancy                   4
   f - Control Undead                 Necromancy                   4
 A - a manual of Spellcasting
Miscellaneous
 x - a sack of spiders
Comestibles
 d - 12 bread rations
 p - 39 royal jellies
 G - 11 meat rations
 R - 7 fruits


   Skills:
 - Level 15.7 Fighting
 - Level 14.4 Long Blades
 + Level 12.7 Dodging
 - Level 16.5 Shields
 - Level 8.0 Spellcasting
 - Level 8.2 Translocations
 + Level 9.5 Invocations


You had 23 spell levels left.
You knew the following spells:

 Your Spells              Type           Power        Failure   Level  Hunger
a - Blink                 Tloc           N/A          1%          2    #......
b - Lesser Beckoning      Tloc           ###.......   1%          3    ###....
c - Passage of Golubria   Tloc           N/A          8%          4    ####...


Dungeon Overview and Level Annotations

Branches:
Dungeon (15/15)            Temple (1/1) D:7            Lair (6/6) D:9
 Shoals (3/4) Lair:3        Snake (3/4) Lair:2        Slime (0/5) Lair:5
    Orc (2/2) D:11            Elf (0/3) Orc:2        Vaults (0/5) D:14
 Depths (0/5) D:15

Altars:
Ashenzari
Cheibriados
Dithmenos
Elyvilon
Fedhas
Gozag
Hepliaklqana
Kikubaaqudgha
Makhleb
Nemelex Xobeh
Okawaru
Qazlal
Ru
Sif Muna
Trog
Uskayaw
Vehumet
Xom
Yredelemnul
Zin
The Shining One
Beogh

Shops:
D:5 =   D:13 (   Orc:2 ?[?}   Shoals:1 *


Innate Abilities, Weirdness & Mutations

You can spit globs of acid.
You are resistant to acid.
Your golden yellow scales are hard. (AC +9)
You cannot fit into any form of body armour.
You have acidic saliva.
You are cold-blooded and may be slowed by cold attacks.
Your mind is acute. (Int +2)
Your flesh is heat resistant. (rF+)
You are frail. (-10% HP)
Your muscles are strong. (Str +2)
You evolve.


Message History

You are lethally poisoned!
The harpy closely misses you. The harpy claws you but does no damage.
Unknown command.
Okay, then.
Blink to where?
Press: ? - help, Dir - move target cursor, f - you
Okay, then.
Unknown command.
You hit the merfolk but do no damage.
The merfolk is lightly wounded.
* * * LOW HITPOINT WARNING * * *
You feel sick. You block the harpy's attack.
GONNNNG!
You block the harpy's attack.
GONNNNG!
The sea snake bites you but does no damage.
You block the hippogriff's attack.
GONNNNG!
The hippogriff pecks you.
You die...

≈≈≈≈≈≈≈≈≈≈≈≈≈≈≈≈≈≈≈≈≈≈≈≈≈≈≈≈≈≈≈≈≈
≈≈≈≈≈≈≈≈≈≈PPPPP≈≈≈≈≈≈≈≈≈≈≈≈≈≈≈≈≈≈
≈≈≈≈≈.?....≈≈PP≈≈≈≈≈≈≈≈≈≈≈≈≈≈≈≈≈≈
≈≈≈.≈≈≈≈≈≈..≈≈..≈≈≈≈≈≈≈≈≈≈≈≈≈≈≈≈≈
≈≈≈≈≈≈≈≈≈P..##≈.≈≈≈≈≈≈≈≈≈≈≈≈≈≈≈≈≈
≈≈≈≈≈≈≈≈≈P..###..≈≈≈≈≈≈≈≈≈≈≈≈≈≈≈≈
≈≈≈≈≈≈≈≈≈P..####E...≈≈≈≈≈≈≈≈≈)≈≈≈
≈≈≈≈≈≈≈≈≈PP.P###HS..≈≈≈≈≈≈≈....≈≈
≈≈≈≈≈≈≈≈≈.≈...##@H§.≈≈≈.≈..##...≈
≈≈≈≈#PP≈P....P###m...≈≈≈≈.####...
≈≈≈≈##.......## #.§..≈≈≈≈≈.###..^
≈≈≈≈≈##..PP#######.≈≈≈≈.≈≈.......
≈≈≈≈≈####..#..##...≈≈≈≈≈≈≈≈..≈..≈
≈≈≈≈≈#####.#?.##.≈...≈≈≈≈≈≈....≈≈
≈≈≈≈≈≈≈####.####.....≈≈≈≈≈≈##....
≈≈≈≈≈≈≈≈≈≈#####..#...≈≈≈≈≈≈.#....
≈≈≈≈≈≈≈≈≈≈≈≈..≈.###..≈≈≈≈≈≈≈≈≈≈≈≈


You could see a sea snake, a merfolk, a hippogriff, a water elemental and a
harpy.

Vanquished Creatures
  Rupert (Lair:3)
  Asterion (Snake:1)
  Polyphemus (Shoals:1)
  2 krakens
  2 nagarajas (Snake:2)
  Kirke (Snake:1)
  Donald (Shoals:1)
  Aizul (Snake:2)
  Nessos (Lair:6)
  2 stone giants
  4 dire elephants (Lair:6)
  3 merfolk impalers
  A fire dragon (D:14)
  Harold (Lair:3)
  Fannar (Lair:1)
  A hydra (Lair:4)
  15 anacondas
  3 centaur warriors
  Erica (D:9)
  2 catoblepae
  A merfolk aquamancer (Shoals:1)
  2 ogre magi (Orc:2)
  6 two-headed ogres
  8 naga warriors
  2 merfolk avatars
  5 death yaks
  3 satyrs (Shoals:2)
  4 shock serpents
  4 naga sharpshooters
  An orc high priest (Orc:2)
  Sonja (Lair:3)
  Nergalle (Orc:2)
  A salamander mystic (Snake:2)
  8 sea snakes
  2 unseen horrors
  A wizard (D:15)
  7 naga ritualists
  A necromancer (D:15)
  13 mana vipers
  5 harpies
  13 orc sorcerers
  5 orc knights
  8 ugly things
  5 cyclopes
  2 slime creatures (D:13)
  11 fauns
  5 manticores
  8 elephants
  30 black mambas
  2 ice statues (IceCv)
  6 salamanders
  4 centaur zombies
  The ghost of zhorgal the Cudgeler, a novice MiBe of Trog (D:6)
  2 torpor snails
  3 merfolk sirens
  6 naga magi
  16 spiny frogs
  2 rime drakes (shapeshifter) (D:14)
  2 komodo dragons
  A yaktaur (D:15)
  2 rime drakes (Lair:6)
  7 centaur skeletons
  4 kobold demonologists
  7 ice devils (IceCv)
  2 queen bees
  16 merfolk
  2 wind drakes (Shoals:1)
  13 trolls
  The ghost of Klosterheim the Slasher, an amateur DrFi (D:4)
  A polar bear (Lair:6)
  Prince Ribbit (D:8)
  13 hippogriffs
  A harpy skeleton (D:15)
  Grinder (D:4)
  3 snapping turtles
  13 dream sheep
  15 blink frogs
  2 centaur simulacra
  5 wraiths
  A wyvern (shapeshifter) (D:14)
  4 shadows
  2 vampires
  A tarantella (shapeshifter) (D:14)
  4 wyverns
  40 yaks
  Grum (D:9)
  2 water elementals
  A hog (shapeshifter) (D:14)
  5 basilisks
  2 vampire mosquitoes (D:13)
  4 hungry ghosts
  A soldier ant (D:13)
  Edmund (D:5)
  6 wargs
  21 nagas
  2 acid dragons (D:14)
  20 water moccasins
  5 porcupines
  A hornet zombie (D:15)
  24 orc warriors
  An eye of draining (D:11)
  4 sky beasts
  3 black bears
  13 ice beasts
  7 wolves
  14 ogres
  6 phantoms
  12 centaurs
  12 crocodiles
  7 big kobolds
  Blork the orc (D:5)
  21 bullfrogs
  2 gnoll sergeants
  A wyvern skeleton (D:9)
  A water moccasin skeleton (D:11)
  8 scorpions
  58 killer bees
  8 wights
  5 howler monkeys
  3 electric eels
  7 crimson imps
  3 quasits
  6 jellies
  7 hounds
  30 orc priests
  4 bullfrog skeletons
  4 iguanas
  Jessica (D:2)
  46 orc wizards
  5 worker ants
  A killer bee zombie (D:5)
  A hound zombie (D:7)
  2 hound skeletons (D:6)
  Robin (D:2)
  3 worker ant zombies
  10 gnolls
  16 adders
  5 shadow imps
  8 white imps (IceCv)
  3 ufetubi (IceCv)
  3 oozes
  2 adder skeletons
  4 worms
  4 dart slugs
  11 leopard geckos
  98 orcs
  9 bats
  4 giant cockroaches
  13 hobgoblins
  16 jackals
  31 kobolds
  6 quokkas
  2 ball pythons (D:1)
  5 frilled lizards
  15 goblins
  A leopard gecko skeleton (D:4)
  A leopard gecko zombie (D:5)
  10 rats
  2 plants (Lair:6)
  4 tentacles
1101 creatures vanquished.

Vanquished Creatures (collateral kills)
  A faun (Shoals:1)
  2 ice devils (IceCv)
  A hippogriff (Shoals:1)
4 creatures vanquished.

Vanquished Creatures (others)
  A reaper (IceCv)
  A faun (Shoals:1)
  6 humans (Snake:1)
  A sky beast (D:5)
  4 white imps (IceCv)
  4 ufetubi (IceCv)
  3 orcs
  11 fungi
  14 plants
  16 tentacles
61 creatures vanquished.

Grand Total: 1166 creatures vanquished

Notes
Turn   | Place    | Note
-------+----------+-------------------------------------------
     0 | D:1      | Klosterheim the Draconian Fighter began the quest for the Orb.
     0 | D:1      | Reached XP level 1. HP: 19/19 MP: 1/1
    92 | D:1      | Reached XP level 2. HP: 26/26 MP: 2/2
   365 | D:1      | Reached XP level 3. HP: 29/31 MP: 3/3
   762 | D:2      | Noticed Jessica
   765 | D:2      | Killed Jessica
   765 | D:2      | Reached XP level 4. HP: 38/38 MP: 4/4
  1263 | D:2      | Reached skill level 5 in Long Blades
  1298 | D:2      | Noticed Robin
  1355 | D:2      | Killed Robin
  1355 | D:2      | Reached XP level 5. HP: 37/45 MP: 5/5
  1913 | D:3      | Found a shadowy altar of Dithmenos.
  1952 | D:3      | Found a white marble altar of Elyvilon.
  2568 | D:4      | Noticed Klosterheim's ghost (amateur DrFi)
  2583 | D:4      | Killed Klosterheim's ghost
  2583 | D:4      | Reached XP level 6. HP: 39/53 MP: 6/6
  2953 | D:4      | Your scales start taking on a golden yellow colour.
  2953 | D:4      | Reached XP level 7. HP: 49/60 MP: 7/7
  2980 | D:4      | Noticed Grinder
  2991 | D:4      | Killed Grinder
  2991 | D:4      | Reached skill level 5 in Fighting
  3352 | D:4      | You fall through a shaft!
  3352 | D:5      | Entered Level 5 of the Dungeon
  3540 | D:5      | Reached XP level 8. HP: 60/68 MP: 8/8
  4271 | D:5      | Reached skill level 10 in Long Blades
  4453 | D:5      | Found Xepolyuf's Jewellery Shop.
  4896 | D:5      | Noticed Blork the orc
  4909 | D:5      | Killed Blork the orc
  5037 | D:6      | Noticed zhorgal's ghost (novice MiBe)
  5045 | D:5      | Reached XP level 9. HP: 67/74 MP: 9/9
  5093 | D:6      | Noticed Edmund
  5603 | D:5      | Killed Edmund
  5766 | D:6      | Reached skill level 4 in Shields
  5961 | D:6      | Found a shimmering altar of Xom.
  6810 | D:6      | Killed zhorgal's ghost
  6810 | D:6      | Reached skill level 5 in Shields
  7018 | D:7      | Found a burning altar of Makhleb.
  7020 | D:7      | Found a shimmering altar of Xom.
  7021 | D:7      | Found an ancient bone altar of Kikubaaqudgha.
  7292 | D:7      | Reached skill level 5 in Dodging
  7339 | D:7      | Found a staircase to the Ecumenical Temple.
  7352 | Temple   | Entered the Ecumenical Temple
  7496 | Temple   | Became a worshipper of Qazlal Stormbringer
  8004 | D:7      | Learned a level 2 spell: Blink
  8010 | D:8      | Reached XP level 10. HP: 75/88 MP: 10/10
  8381 | D:8      | Reached * piety under Qazlal
  8571 | D:8      | Noticed a two-headed ogre
  8590 | D:8      | Killed a two-headed ogre
  8590 | D:8      | Reached skill level 6 in Shields
  8793 | D:8      | Noticed Prince Ribbit
  8901 | D:8      | Killed Prince Ribbit
  9072 | D:9      | Noticed Grum
  9293 | D:9      | Killed Grum
  9731 | D:9      | Noticed a centaur warrior
  9737 | D:9      | Killed a centaur warrior
  9737 | D:9      | Reached skill level 10 in Fighting
  9737 | D:9      | Reached skill level 7 in Shields
  9940 | D:9      | Noticed a two-headed ogre
  9971 | D:8      | Killed a two-headed ogre
 10994 | D:9      | Reached XP level 11. HP: 96/102 MP: 11/11
 11046 | D:9      | Reached ** piety under Qazlal
 11294 | D:9      | Noticed Erica
 11341 | D:9      | Killed Erica
 11341 | D:9      | Reached skill level 8 in Shields
 11482 | D:9      | Found a staircase to the Lair.
 11493 | Lair:1   | Entered Level 1 of the Lair of Beasts
 12153 | Lair:1   | Noticed Fannar
 12179 | Lair:1   | Killed Fannar
 12810 | Lair:2   | Found a staircase to the Snake Pit.
 12865 | Lair:2   | Got a crude rapier
 12927 | Lair:2   | Reached skill level 5 in Invocations
 14343 | Lair:2   | Reached XP level 12. HP: 85/111 MP: 18/18
 15225 | Lair:2   | Identified a scroll of acquirement
 15234 | Lair:2   | Identified the +7 rapier of Coranaywk {pain, rC++ Int+6} (You found it on level 2 of the Lair of Beasts)
 16027 | Lair:2   | Reached *** piety under Qazlal
 16154 | Lair:3   | Noticed Sonja
 16155 | Lair:3   | Killed Sonja
 16370 | Lair:3   | You fall through a shaft for 2 floors!
 16806 | Lair:5   | Got a brightly glowing scimitar
 16807 | Lair:5   | Identified the cursed +2 scimitar "Ruliuvann" {drain, MR+} (You found it on level 5 of the Lair of Beasts)
 17067 | Lair:5   | Found a staircase to the Slime Pits.
 17660 | Lair:4   | Found an iron altar of Okawaru.
 17856 | Lair:4   | Noticed a six-headed hydra
 17895 | Lair:3   | Noticed Harold
 17902 | Lair:3   | Killed Harold
 17904 | Lair:3   | Noticed Rupert
 17941 | Lair:4   | Reached XP level 13. HP: 45/117 MP: 8/19
 18803 | Lair:6   | Entered Level 6 of the Lair of Beasts
 18856 | Lair:6   | Found a frozen archway.
 18979 | IceCv    | Entered an ice cave
 19001 | IceCv    | Reached **** piety under Qazlal
 19183 | IceCv    | Killed a reaper
 19487 | IceCv    | Reached skill level 10 in Dodging
 19675 | Lair:6   | Noticed Nessos
 19685 | Lair:6   | Killed Nessos
 20835 | Lair:6   | Reached skill level 1 in Translocations
 21065 | Lair:6   | Noticed a dire elephant
 21065 | Lair:6   | Noticed a dire elephant
 21086 | Lair:6   | Killed a dire elephant
 21093 | Lair:6   | Killed a dire elephant
 21184 | Lair:6   | Noticed a dire elephant
 21195 | Lair:6   | Noticed a dire elephant
 21201 | Lair:6   | Killed a dire elephant
 21211 | Lair:6   | Killed a dire elephant
 21411 | Lair:6   | Reached skill level 1 in Spellcasting
 22251 | D:9      | Gained mutation: You have acidic saliva. [Yellow Draconian growth]
 22251 | D:9      | Reached XP level 14. HP: 125/125 MP: 20/20
 22310 | D:10     | Entered Level 10 of the Dungeon
 23315 | D:11     | Reached skill level 5 in Spellcasting
 23675 | D:11     | Learned a level 3 spell: Lesser Beckoning
 23737 | D:11     | Found a staircase to the Orcish Mines.
 23744 | D:11     | Reached skill level 5 in Translocations
 23875 | Orc:1    | Entered Level 1 of the Orcish Mines
 23875 | Orc:1    | Noticed a stone giant
 23890 | D:11     | Killed a stone giant
 24853 | Orc:2    | Entered Level 2 of the Orcish Mines
 25057 | Orc:1    | Reached ***** piety under Qazlal
 25263 | Orc:2    | Reached skill level 9 in Shields
 25314 | Orc:2    | Found a staircase to the Elven Halls.
 25428 | Orc:2    | Noticed a stone giant
 25442 | Orc:2    | Killed a stone giant
 25646 | Orc:2    | Gained mutation: Your magical capacity is low. (-10% MP) [a neqoxec]
 25945 | Orc:2    | Reached skill level 10 in Shields
 26233 | Orc:2    | Gained mutation: You are clumsy. (Dex -2) [a neqoxec]
 26365 | Orc:2    | Found Kumos's Gadget Shop.
 26469 | Orc:2    | Found a radiant altar of Vehumet.
 26655 | Orc:2    | Found Goanig Jaoq's Magic Scroll Boutique.
 26659 | Orc:2    | Reached skill level 11 in Shields
 26674 | Orc:2    | Bought a scroll of acquirement for 832 gold pieces
 26686 | Orc:2    | Found an ancient bone altar of Kikubaaqudgha.
 26694 | Orc:2    | Noticed Nergalle
 26701 | Orc:2    | Killed Nergalle
 26711 | Orc:2    | Found Cufism's Antique Armour Boutique.
 26765 | Orc:2    | Found a roughly hewn altar of Beogh.
 26765 | Orc:2    | Found Goclekug's Magic Scroll Boutique.
 26796 | Orc:2    | Bought a scroll of summoning for 142 gold pieces
 26796 | Orc:2    | Bought a scroll of identify for 30 gold pieces
 26796 | Orc:2    | Bought 3 scrolls of identify for 90 gold pieces
 26796 | Orc:2    | Bought a scroll of identify for 30 gold pieces
 26994 | Orc:2    | Got a transparent broad axe
 26995 | Orc:2    | Identified the +8 broad axe of Tenacity {drain, rF+ rN+ Dex+4} (You acquired it on level 2 of the Orcish Mines)
 27243 | Lair:3   | Found a staircase to the Shoals.
 27661 | Lair:3   | Killed Rupert
 27843 | D:12     | Reached XP level 15. HP: 129/133 MP: 22/22
 28674 | D:13     | Reached skill level 12 in Shields
 28838 | D:13     | Reached ****** piety under Qazlal
 29137 | D:13     | Found Ecweor's Antique Weapon Emporium.
 29991 | D:14     | Found a gate to the Vaults.
 30308 | D:15     | Entered Level 15 of the Dungeon
 30688 | D:15     | Reached skill level 13 in Shields
 30850 | D:15     | Found a staircase to the Depths.
 31370 | D:15     | Learned a level 4 spell: Passage of Golubria
 31647 | Snake:1  | Entered Level 1 of the Snake Pit
 32177 | Snake:1  | Noticed Kirke
 32192 | Snake:1  | Killed Kirke
 32255 | Snake:1  | Noticed Asterion
 32585 | Snake:1  | Noticed an Executioner
 32590 | Snake:1  | Killed Asterion
 32590 | Snake:1  | Reached XP level 16. HP: 134/146 MP: 8/24
 32593 | Snake:1  | Lost mutation: You are clumsy. (Dex -2) [potion of mutation]
 32593 | Snake:1  | Lost mutation: Your magical capacity is low. (-10% MP) [potion of mutation]
 32593 | Snake:1  | Gained mutation: You occasionally shout uncontrollably at your foes. [potion of mutation]
 32593 | Snake:1  | Gained mutation: Your spells are a little harder to cast, but a little more powerful. [potion of mutation]
 32593 | Snake:1  | Gained mutation: You are covered in fur. (AC +1) [potion of mutation]
 32593 | Snake:1  | Gained mutation: You evolve. [potion of mutation]
 32843 | Snake:1  | Got a sparkling silver ring
 33017 | Snake:1  | Reached skill level 14 in Shields
 33950 | Snake:2  | Noticed Aizul
 33968 | Snake:2  | Killed Aizul
 34794 | Snake:2  | Reached skill level 15 in Shields
 34856 | Snake:2  | Lost mutation: You occasionally shout uncontrollably at your foes. [evolution]
 35432 | Snake:2  | Found a shimmering altar of Xom.
 36069 | Snake:3  | Reached skill level 15 in Fighting
 36866 | Snake:3  | Lost mutation: You are covered in fur. (AC +1) [potion of mutation]
 36866 | Snake:3  | Lost mutation: Your spells are a little harder to cast, but a little more powerful. [potion of mutation]
 36866 | Snake:3  | Gained mutation: Your muscles are strong. (Str +2) [potion of mutation]
 36866 | Snake:3  | Gained mutation: Your mind is acute. (Int +2) [potion of mutation]
 36866 | Snake:3  | Gained mutation: You are frail. (-10% HP) [potion of mutation]
 36866 | Snake:3  | Gained mutation: Your flesh is heat resistant. (rF+) [potion of mutation]
 37072 | Shoals:1 | Entered Level 1 of the Shoals
 37129 | Shoals:1 | Reached XP level 17. HP: 107/140 MP: 29/29
 37292 | Shoals:1 | Found Tuathoa's Assorted Antiques.
 37320 | Shoals:1 | Bought a scroll of teleportation for 102 gold pieces
 37320 | Shoals:1 | Bought a scroll of teleportation for 102 gold pieces
 37483 | Shoals:1 | Noticed a kraken
 37531 | Shoals:1 | Killed a kraken
 37911 | Shoals:2 | Noticed Polyphemus
 38013 | Shoals:2 | Noticed Donald
 38193 | Shoals:1 | Reached skill level 16 in Shields
 38198 | Shoals:1 | Killed Donald
 38514 | Shoals:1 | Killed Polyphemus
 39407 | Shoals:2 | Noticed a kraken
 39427 | Shoals:2 | Killed a kraken
 39540 | Shoals:2 | HP: 4/141 [merfolk/trident of venom (23)]
 39541 | Shoals:2 | Slain by a hippogriff

Vault maps used:
D:1:      nagdon_arrival_zigzag_paths
D:2:      minmay_tetromino_l4, uniq_jessica, uniq_robin
D:3:      nicolae_overflow_crystal_walls, elyvilon_altar_1
D:4:      first_bread, hex_tiny, minmay_unequal, uniq_grinder
D:5:      serial_shops, nicolae_shop_waterfront, lexackson_kobold_supper,
          uniq_blork_the_orc
D:6:      xom_teletrap_fun, uniq_edmund
D:7:      minitemple, temple_statues
D:8:      uniq_prince_ribbit1
D:9:      erik_lair_orcish_takeover, uniq_grum, uniq_erica
D:11:     kennysheep_six_static_rooms
D:13:     serial_shops, nicolae_shop_crystal, david_nohive_1
D:14:     david_vaults_2, minmay_holes
D:15:     grunt_enter_depths_magical_seal
Temple:   nicolae_temple_elliptical
Lair:1:   serial_bayou_crossing, uniq_fannar
Lair:2:   guppyfry_snake_entry_island, special_room, minivault_11,
          serial_bayou_shore_a
Lair:3:   elwin_shoals_entry_rooms, minivault_26, lemuel_fruit_tree,
          uniq_rupert, uniq_harold, uniq_sonja
Lair:4:   basic_altar, beast_lair_carwin_4, infiniplex_staircase_pool_2,
          serial_bayou_shore_b, serial_bayou_shore_b
Lair:5:   minmay_slime_entry_oklob_enclosed
Lair:6:   due_jungle_book, nicolae_volcano_entry_lava_flow,
          portal_ice_cave_entry_ice_beasts, uniq_nessos
Shoals:1: serial_shops, shop_fountains, nicolae_shoals_wave_tunnel
Shoals:2: nicolae_shoals_dead_sea_scrolls, uniq_donald, uniq_polyphemus
Shoals:3: nicolae_shoals_island_circles, serial_shops, shop
Snake:1:  serial_bayou_ford_a, uniq_kirke, uniq_asterion
Snake:2:  basic_altar, grunt_megastairs_4, uniq_aizul
Orc:2:    kennysheep_orc_mage_school
IceCv:    ice_cave_small_demon

Skill      XL: |  1  2  3  4  5  6  7  8  9 10 11 12 13 14 15 16 17 |
---------------+----------------------------------------------------+-----
Long Blades    | 3 4 5 6 8 11 13 14 | 14.4
Fighting       | 4 5 8 11 12 14 15 | 15.7
Dodging        | 5 8 11 12 | 12.7
Shields        | 5 7 8 11 13 15 16 | 16.5
Invocations    | 8 9 |  9.5
Translocations | 3 6 7 8 |  8.2
Spellcasting   | 2 6 7 8 |  8.0

Action                   |  1- 3 |  4- 6 |  7- 9 | 10-12 | 13-15 | 16-18 || total
-------------------------+-------+-------+-------+-------+-------+-------++-------
Melee: Long sword        |    99 |   202 |   496 |   264 |       |       ||  1061
       Tailslap          |    10 |    29 |    80 |   149 |   410 |   204 ||   882
       Scimitar          |       |       |       |   539 |  1925 |  1095 ||  3559
       Triple sword      |       |       |       |     7 |       |       ||     7
       Bite              |       |       |       |       |   225 |   181 ||   406
 Cast: Blink             |       |       |       |       |     2 |     2 ||     4
       Lesser Beckoning  |       |       |       |       |     1 |     1 ||     2
       Passage of Golubr |       |       |       |       |     2 |     2 ||     4
Invok: Upheaval          |       |       |       |     9 |    24 |    11 ||    44
       Elemental Force   |       |       |       |       |     3 |     1 ||     4
       Disaster Area     |       |       |       |       |       |     1 ||     1
 Abil: Breathe Acid      |       |       |     6 |    13 |    11 |     3 ||    33
Evoke: Wand              |       |       |       |       |     2 |       ||     2
  Use: Potion            |       |     1 |     1 |     7 |     2 |     3 ||    14
       Scroll            |       |       |    16 |     9 |    13 |     2 ||    40
 Stab: Sleeping          |       |     1 |     1 |       |       |       ||     2
       Distracted        |       |       |       |     1 |       |       ||     1
       Invisible         |       |       |       |       |     6 |       ||     6
       Petrified         |       |       |       |       |     3 |     4 ||     7
  Eat: Chunk             |       |     7 |    18 |    24 |    46 |    20 ||   115
       Fruit             |       |       |       |     7 |     6 |     5 ||    18
       Bread ration      |       |       |       |     1 |       |       ||     1
Armor: Skin              |    26 |    66 |   144 |   135 |   271 |    95 ||   737
Dodge: Dodged            |    37 |    85 |   163 |   365 |   753 |   246 ||  1649
       Deflected         |       |       |       |       |    22 |    24 ||    46
Block: Shield            |    55 |   109 |   190 |   570 |  1455 |  1599 ||  3978
       Other             |       |       |       |     6 |       |       ||     6
       Rpst.: Long sword |    15 |    28 |    51 |    22 |       |       ||   116
       Scimitar          |       |       |       |    72 |   170 |    42 ||   284
       Triple sword      |       |       |       |     5 |       |       ||     5
